Map: Galactic Process LE

Players

Pokebunny - Winner!

  • Race: Terran Terran
  • League: Master

Rengen

  • Race: Protoss Protoss
  • League: Grandmaster

Event: Cheesadelphia Summer 2016

VOD

Have the link to the VOD?

Description

Time

  • Played on: July 23, 2016, 3:43 p.m.
  • Length: 10:44

All games in this series

Show
View Real Time Build Order
Export as new Build Order

Pokebunny Terran - Winner!

Build Orders: Reaper Expand, MMM Bio 

Get SALT Encoding   

  12  0:00  SCV  
  13  0:12  SCV  
  14  0:17  Supply Depot  
  14  0:25  SCV  
  15  0:39  Barracks, SCV  
  16  0:44  Refinery  
  16  0:51  SCV  
  17  1:03  SCV  
  18  1:15  SCV  
  19  1:28  Reaper, Orbital Command  
  20  1:43  Command Center  
  20  1:54  SCV  
  21  1:59  Supply Depot  
  21  2:00  Barracks Reactor  
  21  2:06  SCV  
  22  2:18  SCV  
  23  2:29  Command Center  
  23  2:32  SCV  
  24  2:37  Marine x2  
  26  2:45  Barracks  
  26  2:48  SCV  
  27  2:59  Orbital Command  
  27  3:02  Refinery  
  27  3:04  Marine  
  27  3:06  Marine  
  27  3:09  SCV  
  29  3:16  Factory  
  29  3:21  SCV  
  29  3:24  Marine x2  
  29  3:26  SCV  
  33  3:32  Barracks Tech Lab  
  33  3:34  SCV  
  33  3:38  SCV  
  33  3:41  Orbital Command  
  35  3:45  Marine x2  
  35  3:46  SCV  
  38  3:50  SCV  
  38  3:51  Stimpack  
  38  3:53  Marine  
  40  4:02  Factory Reactor, Starport  
  40  4:07  Engineering Bay  
  40  4:08  SCV  
  40  4:09  SCV  
  42  4:11  SCV  
  42  4:15  Marine x2  
  42  4:16  Marine  
  46  4:20  SCV  
  46  4:21  SCV  
  46  4:23  SCV  
  49  4:24  Supply Depot  
  49  4:32  SCV  
  49  4:33  SCV  
  49  4:34  Terran Infantry Weapons Level 1  
  49  4:35  SCV  
  49  4:37  Marine, Marauder  
  49  4:38  Marine  
  55  4:49  Medivac  
  55  4:50  Medivac  
  55  4:51  SCV x2  
  55  4:52  Refinery  
  61  4:53  Refinery  
  61  4:55  SCV  
  61  4:56  Supply Depot  
  61  4:59  Marine x2  
  64  5:01  Marauder  
  64  5:02  Widow Mine, Orbital Command  
  68  5:09  SCV  
  68  5:10  Supply Depot  
  69  5:18  SCV  
  69  5:20  Marine x2  
  72  5:21  SCV  
  72  5:22  Marauder  
  72  5:25  Barracks  
  75  5:30  SCV  
  75  5:35  Factory Reactor  
  76  5:37  Medivac x2  
  76  5:38  SCV x2  
  76  5:40  Supply Depot  
  76  5:41  Supply Depot  
  76  5:42  SCV  
  83  5:43  Marine x2  
  85  5:54  Barracks  
  85  5:55  Barracks  
  85  6:01  SCV x3  
  85  6:02  Marine x2, Marauder  
  85  6:03  Combat Shields  
  92  6:14  SCV  
  93  6:20  Supply Depot  
  93  6:22  SCV x2  
  95  6:25  Liberator  
  95  6:26  Liberator, SCV  
  92  6:41  Marine x4, Marauder  
  92  6:42  Barracks Tech Lab x2  
  92  6:43  SCV x3  
  92  6:46  Refinery  
  105  6:47  Refinery  
  105  6:48  Supply Depot  
  105  6:49  Supply Depot  
  109  7:01  Concussive Shells, Marauder x2  
  109  7:06  Supply Depot  
  109  7:08  Terran Infantry Armor Level 1  
  109  7:09  Supply Depot  
  109  7:10  Liberator, Marine x4, Marauder  
  109  7:11  Liberator  
  109  7:14  SCV x2  
  109  7:15  SCV  
  118  7:21  Missile Turret  
  116  7:25  Missile Turret, Marauder x2  
  126  7:32  Marine x2  
  126  7:33  Marine x2  
  126  7:34  Marauder  
  132  7:37  Supply Depot  
  132  7:39  Supply Depot  
  132  7:43  Missile Turret  
  132  7:47  Marauder x2  
  136  7:53  Liberator, Engineering Bay  
  136  7:54  Liberator  
  136  7:55  Armory  
  133  7:59  Marine x3  
  133  8:00  Marine  
  137  8:07  Marauder  
  137  8:09  Marauder x2  
  143  8:32  Marine x4, Marauder x3  
  150  8:38  Starport, Fusion Core  
  147  8:54  Liberator  
  141  8:56  Liberator  
  141  8:57  Marine x4, Marauder x3  
  146  9:03  SCV x3  
  151  9:17  Starport Tech Lab  
  151  9:18  Marauder  
  153  9:37  Command Center  
  152  9:51  Marine x2  
  152  9:52  Marine x2  
  156  9:54  Marauder  
  157  10:00  Supply Depot  
  157  10:09  Marauder x2  
  138  10:23  Marine x3  
  138  10:24  Marine  
Show
View Real Time Build Order
Export as new Build Order

Rengen Protoss 

Build Orders: 1 Gate Expand, Blink Stalkers 

Get SALT Encoding   

  12  0:00  Probe (Chrono Boost)  
  13  0:11  Probe (Chrono Boost)  
  14  0:19  Pylon  
  14  0:22  Probe (Chrono Boost)  
  15  0:37  Probe (Chrono Boost)  
  15  0:38  Gateway  
  15  0:42  Assimilator  
  16  0:48  Probe (Chrono Boost)  
  17  0:58  Probe (Chrono Boost)  
  18  1:09  Probe (Chrono Boost)  
  19  1:21  Nexus  
  19  1:33  Cybernetics Core  
  19  1:35  Probe (Chrono Boost)  
  20  1:41  Assimilator  
  20  1:45  Probe (Chrono Boost)  
  21  1:51  Pylon  
  21  1:56  Probe (Chrono Boost)  
  23  2:13  Adept, Mothership Core (Chrono Boost)  
  26  2:18  Warp Gate  
  26  2:31  Probe (Chrono Boost)  
  26  2:36  Robotics Facility  
  27  2:39  Probe (Chrono Boost)  
  27  2:41  Probe (Chrono Boost)  
  29  2:49  Probe (Chrono Boost)  
  30  2:54  Twilight Council  
  30  3:00  Probe (Chrono Boost)  
  30  3:01  Probe (Chrono Boost)  
  32  3:09  Adept  
  32  3:11  Probe (Chrono Boost)  
  35  3:15  Probe (Chrono Boost), Gateway  
  36  3:20  Observer  
  36  3:23  Probe (Chrono Boost)  
  36  3:25  Blink  
  36  3:26  Probe (Chrono Boost)  
  40  3:35  Probe (Chrono Boost)  
  40  3:36  Assimilator  
  40  3:38  Probe (Chrono Boost)  
  41  3:45  Probe (Chrono Boost)  
  43  3:50  Probe (Chrono Boost)  
  43  3:53  Pylon  
  43  3:56  Probe (Chrono Boost)  
  43  3:58  Observer  
  43  4:02  Probe (Chrono Boost)  
  46  4:10  Gateway  
  46  4:12  Probe (Chrono Boost)  
  46  4:14  Probe (Chrono Boost)  
  46  4:16  Nexus  
  49  4:26  Adept x2  
  52  4:40  Pylon  
  53  4:46  Probe (Chrono Boost)  
  53  4:50  Pylon  
  53  4:51  Probe (Chrono Boost)  
  54  4:53  Immortal, Pylon  
  54  4:59  Probe (Chrono Boost), Stalker  
  61  5:00  Assimilator  
  61  5:03  Probe (Chrono Boost)  
  62  5:09  Stalker x2  
  62  5:11  Probe (Chrono Boost)  
  68  5:15  Probe (Chrono Boost)  
  68  5:22  Gateway  
  68  5:25  Resonating Glaives, Gateway  
  68  5:26  Stalker  
  70  5:29  Probe (Chrono Boost)  
  70  5:30  Probe x2 (Chrono Boost)  
  70  5:33  Stalker  
  70  5:35  Observer  
  74  5:40  Probe (Chrono Boost)  
  74  5:41  Sentry  
  79  5:44  Probe (Chrono Boost)  
  79  5:45  Probe (Chrono Boost)  
  80  5:50  Probe (Chrono Boost), Adept  
  80  5:56  Probe (Chrono Boost)  
  85  5:57  Probe (Chrono Boost), Pylon  
  85  6:01  Probe (Chrono Boost), Stalker  
  88  6:05  Warp Prism  
  88  6:06  Stalker  
  88  6:09  Probe (Chrono Boost)  
  93  6:26  Sentry  
  93  6:27  Adept x2  
  99  6:37  Sentry, Adept  
  99  6:40  Probe (Chrono Boost)  
  99  6:44  Probe (Chrono Boost)  
  99  6:45  Probe (Chrono Boost)  
  101  6:47  Pylon  
  101  6:48  Pylon  
  101  7:00  Immortal  
  101  7:01  Robotics Bay  
  101  7:02  Forge, Pylon  
  101  7:05  Forge  
  101  7:07  Probe x3 (Chrono Boost)  
  106  7:10  Stalker  
  106  7:11  Stalker x3  
  114  7:18  Probe (Chrono Boost)  
  114  7:19  Probe x2 (Chrono Boost)  
  114  7:22  Assimilator  
  117  7:25  Sentry  
  117  7:27  Protoss Ground Weapons Level 1, Assimilator  
  117  7:29  Probe (Chrono Boost)  
  122  7:31  Probe x2 (Chrono Boost)  
  122  7:38  Protoss Ground Armor Level 1  
  122  7:39  Adept  
  122  7:40  Probe (Chrono Boost)  
  122  7:44  Pylon  
  125  7:45  Pylon  
  125  7:48  Pylon  
  125  7:49  Pylon  
  125  7:57  Extended Thermal Lance  
  125  8:01  Colossus  
  125  8:04  Adept x4  
  125  8:05  Adept  
  130  8:30  Sentry x2  
  130  8:31  Adept x3  
  136  8:37  Probe (Chrono Boost)  
  136  8:38  Probe (Chrono Boost)  
  136  8:39  Probe (Chrono Boost)  
  136  8:41  Gateway  
  137  8:44  Gateway  
  137  8:46  Gateway  
  131  8:49  Pylon  
  131  8:51  Adept  
  131  8:52  Adept x2  
  125  8:56  Colossus, Stalker x3  
  121  9:08  Stalker x2  
  126  9:11  Probe (Chrono Boost)  
  126  9:19  Gateway  
  126  9:21  Nexus  
  126  9:23  Pylon  
  126  9:26  Adept, Pylon  
  126  9:29  Stalker  
  126  9:30  Stalker  
  132  9:37  Pylon  
  132  9:38  Adept  
  134  9:41  Stalker  
  134  9:45  Colossus  
  142  9:53  Stalker x2  
  142  9:54  Stalker  
  142  9:57  Gateway  
  142  9:58  Gateway  
  142  9:59  Pylon  
  126  10:14  Adept x4  
  114  10:25  Adept x4  
  100  10:30  Adept x4  
Tags
 
Add a new tag
Caveats
  • Supply blocks, unpowered buildings, or Contaminate may cause inaccurate times.
  • Supply counts are checked every 10 seconds.